 Dungeon Crawl Stone Soup version 0.28.0 (webtiles) character file.

Game seed: 10920537758415850919

458 Kaptain the Digger (level 7, -19/40 HPs)
             Began as a Gargoyle Earth Elementalist on Feb 7, 2022.
             Demolished by a two-headed ogre (24 damage)
             ... on level 4 of the Dungeon.
             The game lasted 00:10:04 (4798 turns).

Kaptain the Digger (Gargoyle Earth Elementalist)    Turns: 4798, Time: 00:10:04

Health: -19/40     AC:  8    Str: 12    XL:     7   Next: 6%
Magic:  12/12      EV: 11    Int: 17    God:
Gold:   216        SH:  0    Dex: 10    Spells: 9/13 levels left

rFire   . . .      SeeInvis .   o - staff of earth
rCold   . . .      Faith    .   (no shield)
rNeg    + . .      Spirit   .   g - +0 leather armour
rPois   ∞          Reflect  .   (no helmet)
rElec   +          Harm     .   (no cloak)
rCorr   .          Rampage  .   (no gloves)
Will    .....                   (no boots)
Stlth   ++........              (no amulet)
HPRegen 0.13/turn               (no ring)
MPRegen 0.13/turn               (no ring)

@: no status effects
A: sickness immunity, AC +4, negative energy resistance 1, electricity
resistance, torment resistance 1, petrification resistance
a: no special abilities


You were on level 4 of the Dungeon.
You visited 1 branch of the dungeon, and saw 5 of its levels.

You collected 216 gold pieces.

Inventory:

Hand Weapons
 f - a +2 dagger of speed
 n - a +0 trident
 r - a +1 falchion of holy wrath
Missiles
 c - 43 stones
 e - 3 silver boomerangs
Armour
 b - a +0 robe
 g - a +0 leather armour (worn)
 x - a +0 kite shield
Magical Staves
 o - a staff of earth (weapon)
Wands
 d - a wand of iceblast (14)
 p - a wand of flame (3)
Scrolls
 h - a scroll of noise {unknown}
 l - a scroll of amnesia {unknown}
 m - 2 scrolls of summoning {unknown}
 q - a scroll of torment {unknown}
 s - a scroll of teleportation {unknown}
 t - a scroll of fog {unknown}
 u - a scroll of immolation {unknown}
 v - a scroll of holy word {unknown}
Potions
 a - a potion of haste
 i - a potion of attraction
 j - 3 potions of brilliance
 k - a potion of curing {unknown}
 w - a potion of flight {unknown}


   Skills:
 + Level 2.0 Fighting
 + Level 2.2 Armour
 + Level 2.4 Dodging
 + Level 3.5 Stealth
 * Level 3.6 Spellcasting
 * Level 2.5 Conjurations
 - Level 0.7 Transmutations
 * Level 5.3 Earth Magic


You had 9 spell levels left.
You knew the following spells:

 Your Spells              Type           Power      Damage    Failure   Level
a - Sandblast             Erth           62%        2d14      2%          1
b - Stone Arrow           Conj/Erth      48%        3d10      12%         3

Your spell library contained the following spells:

 Spells                   Type           Power      Damage    Failure   Level
 Passwall                 Tmut/Erth      16%        N/A       9%          2
 Petrify                  Tmut/Erth      20%        N/A       52%         4
 Inner Flame              Hex/Fire       3%         N/A       54%         3
 Cause Fear               Hex            1%         N/A       91%         4
 Discord                  Hex            1%         N/A       100%        8


Dungeon Overview and Level Annotations

Branches:
Dungeon (5/15)
 Temple: D:4-7

Altars:
Makhleb
Wu Jian
Xom


Innate Abilities, Weirdness & Mutations

You are immune to sickness and miasma.
Your stone body is resilient. (AC +4)
You are immune to poison.
You resist negative energy. (rN+)
You are resistant to electric shocks. (rElec)
You are resistant to unholy torment.
You are immune to petrification.


Message History

There is a stone staircase leading down here.
You start resting.
Magic restored.
You start resting.
HP restored.
There is an open door here.
There is an open door here.
There is an open door here.
You open the door.
There is an open door here.
There is a stone staircase leading down here.
You climb downwards.
The orc priest mumbles some strange prayers to Beogh against you.
Pain shoots through your body!
Found a black potion.
Found a stone staircase leading down.
There is a stone staircase leading up here.
Unknown command.
The orc shouts! x2; The ogre shouts!
You hear an angry hiss.
You climb upwards.
There is a stone staircase leading down here.
Unknown command.
HP restored.
There is a stone staircase leading down here.
You climb downwards.
The two-headed ogre shouts in stereo!
The orc priest mumbles some strange prayers to Beogh against you.
Beogh smites you!
The two-headed ogre hits you with a +0 giant club!
The two-headed ogre hits you with a +0 giant club.
Found 7 gold pieces.
There is a stone staircase leading up here.
The orc priest calls down the wrath of Beogh upon you.
Beogh smites you!
* * * LOW HITPOINT WARNING * * *
You climb upwards.
There is a stone staircase leading down here.
Unknown command.
The two-headed ogre hits you with a +0 giant club!!
Ouch! That really hurt!
You die...

#_..#...##.#.########
#...'...##.#........#
#_..##..##.########.#
#######.##.# #.#
#.)#.# #.# ##.#.# #.#
#######...# #.#
#.........########.#
#.............O@...#
#........>##########
######.#### #.# #.#
#.# #.# ## #.# .# #.#


You could see a two-headed ogre.

Vanquished Creatures
  An ogre (D:5)
  A gnoll sergeant (D:5)
  A howler monkey (D:5)
  A crimson imp (D:4)
  A jelly (D:5)
  An iguana (D:5)
  2 hound skeletons
  6 adders
  2 ufetubi
  3 worms
  2 dart slugs
  5 orcs
  3 bats
  9 endoplasms
  3 giant cockroaches
  6 goblins
  3 hobgoblins
  5 jackals
  5 quokkas
  7 ball pythons
  6 frilled lizards
  2 kobolds (D:4)
  3 rats (D:1)
78 creatures vanquished.

Notes
Turn   | Place    | Note
-------+----------+-------------------------------------------
     0 | D:1      | Kaptain the Gargoyle Earth Elementalist began the quest for
                  | the Orb.
     0 | D:1      | Reached XP level 1. HP: 10/10 MP: 3/3
   136 | D:1      | Reached XP level 2. HP: 15/15 MP: 3/5
   464 | D:1      | Reached skill level 4 in Earth Magic
   598 | D:1      | Reached XP level 3. HP: 20/20 MP: 4/6
  1731 | D:2      | Reached skill level 1 in Fighting
  1731 | D:2      | Reached XP level 4. HP: 25/25 MP: 3/8
  1810 | D:2      | Learned a level 3 spell: Stone Arrow
  2163 | D:2      | Reached skill level 1 in Armour
  2761 | D:3      | Found a faded altar of an unknown god.
  3395 | D:4      | Reached XP level 5. HP: 29/29 MP: 3/9
  3503 | D:4      | Reached skill level 1 in Conjurations
  3707 | D:4      | Found a burning altar of Makhleb.
  3707 | D:4      | Found a shimmering altar of Xom.
  4090 | D:4      | Found an ornate altar of the Wu Jian Council.
  4315 | D:5      | Entered Level 5 of the Dungeon
  4323 | D:5      | Noticed an ogre
  4330 | D:5      | Killed an ogre
  4331 | D:5      | Reached skill level 5 in Earth Magic
  4331 | D:5      | Reached XP level 6. HP: 35/35 MP: 5/10
  4540 | D:5      | Reached XP level 7. HP: 18/40 MP: 1/12
  4790 | D:5      | Noticed a two-headed ogre
  4798 | D:4      | Demolished by a two-headed ogre

Illustrated notes

Levels and vault maps discovered:
D:1:      dpeg_arrival_lava_altar, layout_loops_cross
D:2:      layout_basic
D:3:      layout_basic, hellmonk_ecumenical_altar_run_dry
D:4:      layout_basic, grunt_temple_overflow_champion_of_chaos,
          mainiacjoe_overflow_boulevard
D:5:      layout_rooms, hangedman_ru_absence, lemuel_round_altar,
          chequers_serial_rivers_micro_d, st_stairs_5

Skill      XL: |  1  2  3  4  5  6 |
---------------+-------------------+-----
Earth Magic    | 4 5 |  5.3
Fighting       | 1 2 |  2.0
Armour         | 1 2 |  2.2
Stealth        | 3 |  3.5
Conjurations   | 1 2 |  2.5
Dodging        | 2 |  2.4
Spellcasting   | 3 |  3.6
Transmutations | |  0.7

Action                   |  1- 3 |  4- 6 |  7- 9 || total
-------------------------+-------+-------+-------++-------
Melee: Dagger            |    40 |    16 |       ||    56
       Punch             |     1 |     1 |       ||     2
       Staff             |       |    14 |       ||    14
 Cast: Sandblast         |    42 |    62 |     2 ||   106
       Stone Arrow       |       |     2 |       ||     2
  Use: Scroll            |       |     3 |       ||     3
 Stab: Sleeping          |       |     2 |       ||     2
Armor: Robe              |    11 |       |       ||    11
       Leather armour    |     7 |    20 |       ||    27
Dodge: Dodged            |    37 |    40 |     2 ||    79
